 Dungeon Crawl Stone Soup version 0.28.0-47-ge53b351184 (webtiles) character file.

Game seed: 6754180142754439439

119 Eitelfritz the Sneak (level 5, 0/31 HPs)
             Began as a Kobold Brigand on Apr 27, 2022.
             Slain by Robin
             ... wielding a +0 short sword
              (3 damage)
             ... on level 2 of the Dungeon.
             The game lasted 00:04:15 (2762 turns).

Eitelfritz the Sneak (Kobold Brigand)               Turns: 2762, Time: 00:04:16

Health: 0/31       AC:  4    Str:  8    XL:     5   Next: 23%
Magic:  5/5        EV: 15    Int: 12    God:
Gold:   88         SH:  0    Dex: 19    Spells: 4/4 levels left

rFire   . . .      SeeInvis .   a - +1 dagger (freeze)
rCold   . . .      Faith    .   (no shield)
rNeg    . . .      Spirit   .   b - +0 robe
rPois   .          Reflect  .   g - +0 helmet
rElec   .          Harm     .   c - +0 cloak
rCorr   .          Rampage  .   (no gloves)
Will    .....                   (no boots)
Stlth   +++++.....              (no amulet)
HPRegen 0.10/turn               (no ring)
MPRegen 0.09/turn               (no ring)

@: no status effects
A: small, no large weapons, nightstalker 3
a: no special abilities


You were on level 2 of the Dungeon.
You visited 1 branch of the dungeon, and saw 3 of its levels.

You collected 88 gold pieces.

Inventory:

Hand Weapons
 a - a +1 dagger of freezing (weapon)
 o - a +2 dagger
Missiles
 d - 8 poisoned darts (quivered)
 e - 2 curare-tipped darts
Armour
 b - a +0 robe (worn)
 c - a +0 cloak (worn)
 g - a +0 helmet (worn)
Jewellery
 h - an amulet of guardian spirit
Scrolls
 i - a scroll of fog {unknown}
 l - a scroll of amnesia {unknown}
 m - a scroll of magic mapping {unknown}
 n - a scroll of blinking {unknown}
 p - a scroll of vulnerability {unknown}
 q - a scroll of fear {unknown}
Potions
 f - a potion of curing {unknown}
 j - a potion of haste
 k - a potion of might {unknown}


   Skills:
 + Level 2.5 Fighting
 + Level 3.3 Short Blades
 + Level 2.2 Throwing
 + Level 2.4 Dodging
 + Level 7.6 Stealth


You had 4 spell levels left.
You didn't know any spells.
Your spell library was empty.

Dungeon Overview and Level Annotations

Branches:
Dungeon (3/15)

Altars:
Kikubaaqudgha

Annotations:
D:2 Robin


Innate Abilities, Weirdness & Mutations

You are small and have problems with some larger weapons.
You are completely attuned to the shadows.


Message History

You closely miss the goblin.
The goblin is heavily wounded.
The goblin hits you with a +0 club.
* * * LOW HITPOINT WARNING * * *
You hit the goblin. You freeze the goblin.
The goblin is almost dead.
Robin misses you. The goblin hits you but does no damage.
Robin closely misses you.
You barely miss the goblin.
The goblin is almost dead.
The goblin no longer looks unusually strong.
The goblin barely misses you.
Robin roars a battlecry!
The goblin goes into a battle-frenzy!
You miss the goblin.
The goblin is severely wounded.
Robin misses you. The goblin closely misses you.
You hit the goblin. You freeze the goblin.
You kill the goblin!
Robin hits you but does no damage. Robin misses you.
Things that are here:
a +0 club; a goblin corpse Robin hits you with a +0 short sword.
* * * LOW HITPOINT WARNING * * *
You hit Robin. You freeze Robin.
Robin is heavily wounded.
Robin closely misses you. Robin hits you with a +0 short sword.
* * * LOW HITPOINT WARNING * * *
You closely miss Robin.
Robin is heavily wounded.
Robin misses you.
You barely miss Robin.
Robin is heavily wounded.
Robin hits you with a +0 short sword.
* * * LOW HITPOINT WARNING * * *
You closely miss Robin. You punch Robin.
Robin is heavily wounded.
Robin is no longer moving quickly.
Robin hits you with a +0 short sword.
You die...

#.#.###.# ####.##.#####...
#.#†###.# #..............#
#.#..##.# #.##.#.######.##
#.##.##.# ##.##.#.# ##'##
#.##.##.# #.....#.# ##...# #
#.......# #..####.# ##..... ##
##.##.#### #..#.##.###.)....
.####...#.#######.....#†##.......
.+.......<...).g@........'..(....
.####...#.#######........#.......
## #.....>..# #.##.###.##...... #
#..##g##.# #.#### #.###.....
#.)##.##.# #.######.# ##...#
#..##.##.# #.....##.# ##'##
#..##.##.# #.###.##.# #.#
#........# #........# ###.##
#####.#### #####.#### #.....


You could see Robin.

Vanquished Creatures
  3 adders (D:2)
  4 gnolls (D:2)
  An ufetubus (D:3)
  An orc (D:3)
  4 ball pythons (D:1)
  4 endoplasms
  2 giant cockroaches
  5 goblins
  2 hobgoblins
  3 quokkas
  9 bats
  3 frilled lizards
  6 kobolds
  2 rats (D:1)
49 creatures vanquished.

Notes
Turn   | Place    | Note
-------+----------+-------------------------------------------
     0 | D:1      | Eitelfritz the Kobold Brigand began the quest for the Orb.
     0 | D:1      | Reached XP level 1. HP: 12/12 MP: 1/1
   190 | D:1      | Reached XP level 2. HP: 17/17 MP: 2/2
   201 | D:1      | Reached skill level 6 in Stealth
   750 | D:1      | Reached XP level 3. HP: 14/21 MP: 3/3
  1023 | D:1      | Found a faded altar of an unknown god.
  1753 | D:2      | Reached skill level 7 in Stealth
  1753 | D:2      | Reached XP level 4. HP: 27/27 MP: 4/4
  1808 | D:2      | Found an ancient bone altar of Kikubaaqudgha.
  2179 | D:2      | Reached XP level 5. HP: 31/31 MP: 5/5
  2721 | D:3      | Noticed Robin
  2762 | D:2      | Slain by Robin

Illustrated notes

Levels and vault maps discovered:
D:1:      matt_arrival_los_fun, layout_loops_corners,
          shapermc_ecumenical_altar_venn, minmay_hexomino_u4
D:2:      layout_loops_corners, basic_altar
D:3:      layout_rooms, uniq_grinder, uniq_robin

Skill      XL: |  1  2  3  4 |
---------------+-------------+-----
Stealth        | 6 7 |  7.6
Short Blades   | 3 |  3.3
Dodging        | 2 |  2.4
Fighting       | |  2.5
Throwing       | |  2.2

Action                   |  1- 3 |  4- 6 || total
-------------------------+-------+-------++-------
Melee: Dagger            |    80 |    78 ||   158
       Punch             |     1 |     3 ||     4
 Stab: Sleeping          |    12 |    10 ||    22
Armor: Robe              |    28 |    22 ||    50
Dodge: Dodged            |    66 |    72 ||   138
